 Dungeon Crawl Stone Soup version 0.29-a0-359-g541a27f54d (webtiles) character file.

Game seed: 13291459770601628326

7 Hubjo the Firebug (level 1, -1/11 HPs)
             Began as a Deep Elf Fire Elementalist on Apr 27, 2022.
             Slain by a jackal (2 damage)
             ... on level 1 of the Dungeon.
             The game lasted 00:00:37 (190 turns).

Hubjo the Firebug (Deep Elf Fire Elementalist)       Turns: 190, Time: 00:00:38

Health: -1/11      AC:  2    Str:  5    XL:     1   Next: 83%
Magic:  0/6        EV: 12    Int: 19    God:
Gold:   10         SH:  0    Dex: 15    Spells: 5/6 levels left

rFire   . . .      SeeInvis .   (no weapon)
rCold   . . .      Faith    .   (no shield)
rNeg    . . .      Spirit   .   a - +0 robe
rPois   .          Reflect  .   (no helmet)
rElec   .          Harm     .   (no cloak)
rCorr   .          Rampage  .   (no gloves)
Will    .....                   (no boots)
Stlth   ++........              (no amulet)
HPRegen 0.03/turn               (no ring)
MPRegen 0.10/turn               (no ring)

@: no status effects
A: no striking features
a: no special abilities


You were on level 1 of the Dungeon.
You visited 1 branch of the dungeon, and saw 1 of its levels.

You collected 10 gold pieces.

Inventory:

Armour
 a - a +0 robe (worn)
Jewellery
 e - a ring of wizardry
Scrolls
 d - a scroll of identify {unknown}
Potions
 b - a potion of magic
 c - a potion of curing {unknown}


   Skills:
 * Level 0.5 Fighting
 - Level 2.4 Dodging
 + Level 2.6 Stealth
 + Level 3.1 Spellcasting
 - Level 1.1 Conjurations
 + Level 3.4 Fire Magic


You had 5 spell levels left.
You knew the following spells:

 Your Spells              Type           Power      Damage    Failure   Level
a - Foxfire               Conj/Fire      44%        2x1d6     6%          1

Your spell library contained the following spells:

 Spells                   Type           Power      Damage    Failure   Level
 Scorch                   Fire           30%        2d7       5%          2
 Conjure Flame            Conj/Fire      11%        6-21      19%         3
 Inner Flame              Hex/Fire       9%         N/A       22%         3
 Flame Wave               Conj/Fire      11%        2d5       52%         4


Dungeon Overview and Level Annotations

Branches:
Dungeon (1/15)

Altars:


Message History

Casting: Foxfire (safe; 6% risk of failure)
Confirm with . or Enter, or press ? or * to list all spells.
You don't have enough magic to cast this spell.
Unknown command.
Casting: Foxfire (safe; 6% risk of failure)
Confirm with . or Enter, or press ? or * to list all spells.
You don't have enough magic to cast this spell.
Casting: Foxfire (safe; 6% risk of failure)
Confirm with . or Enter, or press ? or * to list all spells.
You don't know that spell.
Unknown command.
The jackal attacks as you move away! The jackal barely misses you.
The jackal attacks as you move away! The jackal misses you.
Found 15 stones.
The foxfire hits the jackal.
You kill the jackal!
The foxfire hits the jackal.
The jackal is heavily wounded.
The jackal misses you.
Welcome back, Hubjo the Deep Elf Fire Elementalist.
Press ? for a list of commands and other information.
You barely miss the jackal.
The jackal is heavily wounded.
The jackal barely misses you.
You closely miss the jackal.
The jackal is heavily wounded.
The jackal bites you but does no damage.
You closely miss the jackal.
The jackal is heavily wounded.
The jackal misses you. The jackal bites you.
* * * LOW HITPOINT WARNING * * *
You are too injured to fight recklessly!
Casting: Foxfire (safe; 6% risk of failure)
Confirm with . or Enter, or press ? or * to list all spells.
You don't have enough magic to cast this spell.
The jackal attacks as you move away! The jackal bites you.
* * * LOW HITPOINT WARNING * * *
Casting: Foxfire (safe; 6% risk of failure)
Confirm with . or Enter, or press ? or * to list all spells.
You conjure some foxfire!
The jackal closely misses you. The jackal bites you.
You die...

#.......#
#....##+##########
#.....(..........# ##
#................# .#
#.........†......# .#
#............†...#
.######.###............#
........# #.....v......#
######### #..†!h@.....(#
................v......#
###########............#
#............#
#............#
#............#
##############


You could see a jackal (ally target).

Vanquished Creatures
  An endoplasm (D:1)
  A giant cockroach (D:1)
  2 jackals (D:1)
  A bat (D:1)
  A frilled lizard (D:1)
6 creatures vanquished.

Vanquished Creatures (others)
  32 foxfires (D:1)
32 creatures vanquished.

Grand Total: 38 creatures vanquished

Notes
Turn   | Place    | Note
-------+----------+-------------------------------------------
     0 | D:1      | Hubjo the Deep Elf Fire Elementalist began the quest for
                  | the Orb.
     0 | D:1      | Reached XP level 1. HP: 10/10 MP: 6/6
   190 | D:1      | Slain by a jackal

Illustrated notes

Levels and vault maps discovered:
D:1:      lemuel_arrival_tunnels, layout_basic, serial_shops, shop,
          basic_ecumenical_altar

Action                   || total
-------------------------++-------
Melee: Unarmed           ||     3
 Cast: Foxfire           ||    18
Armor: Robe              ||     5
Dodge: Dodged            ||    12

Table legend: (Time is in decaauts)
 A = Elapsed time spent in this place.
 B = Non-inter-level travel time spent in this place.
 C = Inter-level travel time spent in this place.
 D = Time resting spent in this place.
 E = Time spent auto-exploring this place.
 F = Levels seen in this place.
 G = Mean time per level.
                   A        B        C        D        E       F      G
               +--------+--------+--------+--------+--------+-----+--------+
         Total |    190 |    190 |      0 |      0 |    150 |   1 |  190.0 |
       Dungeon |    190 |    190 |      0 |      0 |    150 |   1 |  190.0 |
               +--------+--------+--------+--------+--------+-----+--------+

Top non-repeatable levels by time:
     D:1: 190 daAuts
